 Dungeon Crawl Stone Soup version bcrawl-1.21.2-20-g6d45ba5942 (webtiles) character file.

Game seed: 6430489139475346240

114 Revguard the Ruffian (level 4, -5/38 (40) HPs)
             Began as a Ghoul Martial Artist on Feb 26, 2020.
             Was a Believer of Wu Jian.
             Slain by an orc
             ... wielding a +0 club
              (8 damage)
             ... on level 3 of the Dungeon.
             The game lasted 00:07:08 (2051 turns).

Revguard the Ruffian (Ghoul Martial Artist)         Turns: 2051, Time: 00:07:08

HP:   -5/38 (40)    AC:  7    Str: 15    XL:     4   Next: 97%
MP:   4/4           EV: 12    Int:  9    God:    Wu Jian [**....]
Gold: 110           SH:  3    Dex: 12    Spells: 4/5 levels left

rFire    . . .     SeeInvis +     - Unarmed
rCold    + . .     Gourm    .   (no shield)
rNeg     + + +     Faith    .   a - +0 robe
rPois    ∞         Spirit   .   (no helmet)
rElec    .         Reflect  +   (no cloak)
rCorr    .         Harm     .   (no gloves)
MR       .....                  (no boots)
Stlth    ++........             d - +3 amulet of reflection
HPRegen  0.00/turn              c - ring of see invisible
MPRegen  0.09/turn              l - +5 ring of protection

@: brilliant, rotting, drained
A: rotting body, claws 1, carnivore, cold resistance 1, negative energy
resistance 3, inhibited regeneration, torment resistance, unbreathing
a: Wall Jump, Serpent's Lash, Renounce Religion


You were on level 3 of the Dungeon.
You worshipped Wu Jian.
Wu Jian was pleased with you.
You were not hungry.

You visited 1 branch of the dungeon, and saw 3 of its levels.

You collected 110 gold pieces.

Inventory:

Armour
 a - a +0 robe (worn)
Jewellery
 c - a ring of see invisible (left claw)
 d - a +3 amulet of reflection (around neck)
 l - a +5 ring of protection (right claw)
Scrolls
 g - a scroll of blinking {unknown}
 i - a scroll of immolation {unknown}
 j - a scroll of teleportation {unknown}
 n - a scroll of identify {unknown}
 o - 2 scrolls of amnesia {unknown}
 p - 5 scrolls of remove curse {unknown}
Potions
 b - a potion of agility
 h - a potion of lignification
 m - a potion of heal wounds {unknown}
Comestibles
 e - 5 rations {!d}


   Skills:
 + Level 3.9(3.1) Fighting
 + Level 3.1(2.4) Dodging
 + Level 2.0(1.3) Stealth
 + Level 5.8(4.9) Unarmed Combat
 + Level 1.0(0.2) Spellcasting
 + Level 0.7(0.0) Hexes


You had 4 spell levels left.
You knew the following spells:

 Your Spells              Type           Power        Failure   Level  Hunger
a - Confusing Touch       Hex            #.......     4%          1    ##.....
Your spell library was empty.

Dungeon Overview and Level Annotations

Branches:
Dungeon (3/12)

Altars:
Nemelex Xobeh


Innate Abilities, Weirdness & Mutations

Your body is rotting away.
You thrive on raw meat.
You are immune to poison.
You have sharp fingernails.
You are carnivorous and can eat meat at any time.
Your flesh is cold resistant. (rC+)
You are immune to negative energy. (rN+++)
You do not regenerate when monsters are visible.
You are immune to unholy pain and torment.
You can survive without breathing.


Message History

You spin and attack the orc wizard.
You closely miss the orc wizard.
The orc wizard is heavily wounded.
You feel yourself speed up.
The orc wizard hits you but does no damage.
The orc wizard barely misses you. The goblin hits you with a +0 club.
* * * LOW HITPOINT WARNING * * *
You eat one of the 6 rations {!d}.
That ration really hit the spot!
The orc wizard misses you.
The orc wizard gestures at you while chanting.
The magic dart hits you.
* * * LOW HITPOINT WARNING * * *
The goblin hits you but does no damage.
It was a potion of lignification.
You feel woody for a moment. You block the goblin's attack.
Okay, then.
Okay, then.
It was a potion of brilliance.
You feel clever all of a sudden. The orc wizard barely misses you.
The orc hits you with a +0 club!
You die...

.#.. ... ....
.. # #...
...#### #...
.#..... )..
.....
.####.####.#.#
.......og...!#
.####.@oo##.#
.......##K##.#
######.##...%#
#..%.)..#...
##..........
#.<..>...%...
#.........#..
#.........# .
##.......##


You could see an orc wizard, 2 orcs, a goblin and a kobold.

Vanquished Creatures
  An orc priest (D:3)
  Jessica (D:2)
  An adder (D:3)
  An ooze (D:1)
  A worm (D:2)
  2 dart slugs (D:1)
  2 leopard geckos (D:1)
  An orc (D:3)
  3 goblins
  6 hobgoblins
  A ball python (D:1)
  6 bats
  3 frilled lizards (D:1)
  6 kobolds (D:1)
  5 rats
40 creatures vanquished.

Notes
Turn   | Place    | Note
-------+----------+-------------------------------------------
     0 | D:1      | Revguard the Ghoul Martial Artist began the quest for the
                  | Orb.
     0 | D:1      | Reached XP level 1. HP: 19/19 MP: 1/1
   423 | D:1      | Reached XP level 2. HP: 26/26 MP: 2/2
   627 | D:1      | Reached XP level 3. HP: 16/33 MP: 3/3
   993 | D:1      | Reached ** piety under Wu Jian
  1047 | D:1      | Reached skill level 5 in Unarmed Combat
  1343 | D:2      | Found a sparkling altar of Nemelex Xobeh.
  1589 | D:2      | Noticed Jessica
  1597 | D:2      | Killed Jessica
  1597 | D:2      | Reached XP level 4. HP: 36/40 MP: 4/4
  2051 | D:3      | Slain by an orc

Skill      XL: |  1  2  3  4 |
---------------+-------------+-----
Dodging        | 3 |  3.1
Unarmed Combat | 5 |  5.8
Stealth        | 2 |  2.0
Fighting       | |  3.9
Spellcasting   | |  1.0
Hexes          | |  0.7

Action                   |  1- 3 |  4- 6 || total
-------------------------+-------+-------++-------
Melee: Unarmed           |    97 |    28 ||   125
       Punch             |     1 |     1 ||     2
Invok: Whirlwind         |    63 |    19 ||    82
       Lunge             |    15 |     4 ||    19
 Abil: Serpent's Lash    |       |     1 ||     1
  Use: Potion            |       |     2 ||     2
 Stab: Sleeping          |     4 |       ||     4
  Eat: Chunk             |     6 |     2 ||     8
       Ration            |       |     1 ||     1
Armor: Robe              |    10 |     3 ||    13
Dodge: Dodged            |    43 |    22 ||    65
Block: Other             |     8 |     3 ||    11
